 Dungeon Crawl Stone Soup version 0.25-a0-631-gc915619 (webtiles) character file.

Game seed: 9065258327377780409, levelgen mode: deterministic

1835653 PotatoDream the Conqueror (level 27, 199/199 HPs)
             Began as a Gargoyle Berserker on Mar 17, 2020.
             Was a Priest of Trog.
             Escaped with the Orb
             ... and 3 runes on Mar 19, 2020!
             The game lasted 03:20:39 (60024 turns).

PotatoDream the Conqueror (Gargoyle Berserker)     Turns: 60024, Time: 03:20:40

Health: 199/199    AC: 75    Str: 35    XL:     27
Magic:  10/10      EV: 17    Int: 16    God:    Trog [***...]
Gold:   2452       SH: 21    Dex:  9    Spells: 26/26 levels left

rFire    + + .     SeeInvis +   b - +9 eveningstar (antimagic)
rCold    + + .     Gourm    .   H - +3 kite shield {reflect}
rNeg     + . .     Faith    .   f - +12 gold dragon scales
rPois    ∞         Spirit   .   P - +2 helmet {SInv}
rElec    +         Reflect  +   M - +2 cloak
rCorr    .         Harm     .   V - +1 pair of gloves of Xuneips {Regen+}
MR       ++++.     Rnd*Tele +   E - +2 pair of boots of the Eight Mice {rC+ Int+4}
Stlth    ..........             L - +3 amulet of reflection
HPRegen  0.83/turn              K - ring of the Mage {Wiz MR++ Int+3}
MPRegen  0.12/turn              v - ring of protection from fire

@: flying
A: big wings, negative energy resistance 1, electricity resistance, inhibited
regeneration, strong 1, teleportitis 1, unbreathing, petrification resistance,
rot immunity, subdued magic 1, AC +20
0: Orb of Zot
}: 3/15 runes: decaying, serpentine, silver
a: Stop Flying, Berserk, Trog's Hand, Renounce Religion


You escaped.
You worshipped Trog.
Trog was most pleased with you.
You were not hungry.

You visited 8 branches of the dungeon, and saw 46 of its levels.
You also visited: Sewer and Wizlab.

You collected 6476 gold pieces.
You spent 4024 gold pieces at shops.

Inventory:

Hand Weapons
 b - a +9 antimagic eveningstar (weapon)
 q - the +10 demon whip of Massacring {flame, rC+ MR+ Str-4}
   (Trog gifted it to you on level 4 of the Lair of Beasts)

   It has been specially enchanted to burn those struck by it, causing extra
   injury to most foes and up to half again as much damage against particularly
   susceptible opponents.
   It affects your strength (-4).
   It protects you from cold.
   It affects your resistance to hostile enchantments.
Missiles
 S - 35 javelins (quivered)
Armour
 f - +12 gold dragon scales (worn)
 E - the +2 pair of boots of the Eight Mice (worn) {rC+ Int+4}
   (You found it on level 4 of the Lair of Beasts)

   It affects your intelligence (+4).
   It protects you from cold.
 H - a +3 kite shield of reflection (worn)
 M - a +2 cloak (worn)
 P - a +2 helmet of see invisible (worn)
 V - the +1 pair of gloves of Xuneips (worn) {Regen+}
   (You found it on level 11 of the Dungeon)

   It increases your rate of regeneration.
Jewellery
 a - the ring "Bankevu" {rC+ MR+ MP+9 Int+3}
   (You found it on level 1 of the Lair of Beasts)

   [ring of protection from cold]

   It affects your intelligence (+3).
   It protects you from cold.
   It affects your resistance to hostile enchantments.
   It affects your magic capacity (+9).
 i - the ring of Patience {rElec EV+3 Dex+3 SInv}
   (You found it in a wizard's laboratory)

   [ring of evasion]

   It affects your evasion (+3).
   It affects your dexterity (+3).
   It insulates you from electricity.
   It lets you see invisible.
 v - a ring of protection from fire (right hand)
 C - an uncursed ring of resist corrosion
 K - the ring of the Mage (left hand) {Wiz MR++ Int+3}
   (You found it on level 13 of the Dungeon)

   [ring of wizardry]

   It improves your spell success rate.
   It affects your intelligence (+3).
   It affects your resistance to hostile enchantments.
 L - a +3 amulet of reflection (around neck)
 Y - an uncursed ring of positive energy
Wands
 d - a wand of enslavement (33)
 j - a wand of flame (21)
 o - a wand of acid (27)
 p - a wand of paralysis (34)
 t - a wand of digging (25)
 A - a wand of disintegration (45)
 F - a wand of polymorph (41)
 G - a wand of clouds (6)
 U - a wand of iceblast (55)
 Z - a wand of scattershot (4)
Scrolls
 e - 13 scrolls of identify
 h - 7 scrolls of blinking
 m - 20 scrolls of teleportation
 u - 4 scrolls of magic mapping
 y - 30 scrolls of remove curse
 z - 5 scrolls of silence
 D - 8 scrolls of fear
 O - a scroll of summoning
 R - 2 scrolls of holy word
 T - 8 scrolls of fog
Potions
 g - 9 potions of berserk rage
 l - 5 potions of invisibility
 n - 12 potions of heal wounds
 r - 4 potions of haste
 s - 8 potions of stabbing
 w - a potion of mutation
 x - a potion of might
 B - a potion of ambrosia
 I - 2 potions of cancellation
 J - 15 potions of curing
Miscellaneous
 k - a fan of gales
 N - a lightning rod (4/4)
 Q - 3 tins of tremorstones
 W - a sack of spiders
Comestibles
 c - 66 rations


   Skills:
 O Level 27 Fighting
 - Level 16.4 Maces & Flails
 O Level 27 Armour
 + Level 20.4 Dodging
 - Level 15.1 Shields
 - Level 10.0 Evocations


You had 26 spell levels left.
You didn't know any spells.
Your spell library was empty.

Dungeon Overview and Level Annotations

Branches:
Dungeon (15/15)            Temple (0/1) D:4            Lair (6/6) D:11
  Swamp (4/4) Lair:4        Snake (4/4) Lair:3        Slime (0/5) Lair:6
    Orc (2/2) D:10            Elf (0/3) Orc:2        Vaults (5/5) D:13
  Crypt (0/3) Vaults:2     Depths (5/5) D:15            Zot (5/5) Depths:5
  Sewer (visited)          WizLab (visited)

Altars:
Ashenzari
Cheibriados
Fedhas
Gozag
Hepliaklqana
Kikubaaqudgha
Okawaru
Qazlal
Sif Muna
Uskayaw
Xom
Zin
Beogh
Jiyva
Lugonu

Shops:
D:8 !   Orc:2 **[*[   Depths:1 [[*:   Depths:4 (

Portals:
Hell: Depths:1 Depths:2 Depths:3 Depths:4 Depths:5
Abyss: Depths:3 Depths:4
Pandemonium: Depths:3 Depths:5
Ziggurat: Depths:3

Annotations:
D:8 3 runed translucent doors, bazoo's ghost, novice TeMo
Lair:1 exclusion: 3 oklob plants
Depths:4 2 transporters


Innate Abilities, Weirdness & Mutations

You are resistant to torment.
Your stone body is resilient. (AC +20)
You are immune to poison.
Your large and strong wings let you fly indefinitely.
You resist negative energy. (rN+)
You are resistant to electric shocks. (rElec)
You can survive without breathing.
You are immune to petrification.
You are immune to rotting.
You do not regenerate when monsters are visible.
Your muscles are strong. (Str +2)
You are occasionally teleported next to monsters.
Your spells are a little easier to cast, but a little less powerful.


Message History

(P) Snake Pit (M) Slime Pits (O) Orcish Mines (E) Elven Halls (V) Vaults (C) Crypt (U) Depths (H) Hell (Z) Zot
Where to? (Enter - D:1, ? - help)
There is a stone staircase leading up here.
You fly upwards.
There is a stone staircase leading down here.
There is a stone staircase leading up here.
You fly upwards.
There is a stone staircase leading down here.
There is a stone staircase leading up here.
You fly upwards.
There is a stone staircase leading down here.
HP restored.
There is a stone staircase leading up here.
You fly upwards.
There is a stone staircase leading down here.
There is a large open door here.
There is a staircase leading out of the dungeon here.
You have escaped!

#.........#
###########..
#.........# #......
#.........# #.....#
#.........############
#.....#
#.........#≈≈≈≈≈≈§≈≈≈#
#......
#..........≈8≈≈≈§§≈8≈#
#....##
####...##..≈≈8≈≈≈≈8≈≈#
#......
#...##..≈≈≈####≈≈≈#
#.....#
#...##..≈≈≈'.@#≈≈≈#
#.....#
#...##..≈≈≈'..#§§≈#
#.....#
######..≈≈≈####≈≈≈#
#...... #..≈≈8≈≈≈≈8≈≈#
#...... ###≈8≈§≈§≈≈8≈#
#...... #≈≈≈≈§≈≈≈≈≈#
#...... ############
#...... ####...
######### #...


There were no monsters in sight!

Vanquished Creatures
  Mara (Vaults:3)
  10 ancient liches
  5 orbs of fire (Zot:5)
  Vashnia (Snake:4)
  A Killer Klown (Zot:5)
  3 curse toes
  15 golden dragons
  A bone dragon (Depths:5)
  4 electric golems
  A Cloud Mage (WizLab)
  19 tentacled monstrosities
  Jorgrun (D:14)
  4 liches
  24 Orb Guardians
  2 titans
  A quicksilver dragon (Zot:2)
  5 death cobs
  9 sphinxes
  18 shadow dragons
  Kirke (Swamp:2)
  A revenant (Vaults:2)
  9 draconian monks
  3 thorn hunters
  14 storm dragons
  4 tengu reavers
  Donald (Vaults:1)
  10 frost giants
  10 nagarajas
  11 vault wardens
  4 iron dragons
  2 deep elf sorcerers (Vaults:5)
  6 ghost moths
  4 draconian scorchers
  3 draconian knights
  21 fire giants
  An orc warlord (Vaults:3)
  A cacodemon (Depths:5)
  A juggernaut zombie (Depths:1)
  6 draconian shifters
  Aizul (Vaults:2)
  11 ironheart preservers
  Louise (Snake:2)
  5 spriggan defenders
  An angel (Depths:3)
  4 draconian stormcallers
  6 draconian annihilators
  6 war gargoyles
  20 very ugly things
  Nessos (Lair:5)
  9 green draconians
  24 stone giants
  9 vampire knights
  7 yellow draconians
  2 deep elf annihilators
  A deep elf demonologist (Vaults:5)
  7 white draconians
  7 spark wasps
  13 black draconians
  A dire elephant (shapeshifter) (Vaults:1)
  9 red draconians
  A dire elephant (D:15)
  10 purple draconians
  Snorg (Lair:5)
  15 ettins
  2 jiangshi (Depths:1)
  3 deep elf death magi
  2 deep elf high priests (Vaults:5)
  Josephine (D:12)
  10 fire dragons
  A blizzard demon (WizLab)
  Fannar (Lair:1)
  12 great orbs of eyes
  21 yaktaur captains
  6 rakshasas
  37 vault guards
  4 ghost crabs
  9 ice dragons
  23 hydras
  A hell beast (D:11)
  4 shambling mangroves
  21 naga warriors
  10 spriggan air magi
  A small abomination (Depths:1)
  12 centaur warriors
  14 ogre magi
  A death knight (Vaults:1)
  11 anacondas
  6 death yaks
  11 alligators
  The ghost of Attaemp the Basher, a journeyman GrFi of Okawaru (Orc:1)
  43 two-headed ogres
  5 deep troll shamans
  6 deep troll earth magi
  2 hell hogs (Depths:3)
  3 dancing weapons
  2 vampire magi
  6 spriggan berserkers
  An orc high priest (Orc:1)
  4 tengu warriors
  20 naga sharpshooters
  A sun demon (Depths:5)
  3 soul eaters (Depths:1)
  23 shock serpents
  4 deep elf knights
  6 skeletal warriors (Depths:1)
  23 hell knights
  3 shadow wraiths
  2 sixfirhies
  7 salamander mystics
  A fire crab (Lair:6)
  4 sea snakes (Snake:2)
  3 flayed ghosts
  A death drake (WizLab)
  An unseen horror (shapeshifter) (Depths:5)
  2 unseen horrors
  6 glowing orange brains
  19 deep trolls
  A deep troll (shapeshifter) (Depths:2)
  6 wizards
  19 orc knights
  7 naga ritualists
  16 ironbrand convokers
  A gelid demonspawn (Depths:5)
  9 swamp dragons
  11 necromancers
  7 phantasmal warriors
  8 deep elf archers
  Pikel (D:5)
  8 mana vipers
  12 ugly things
  A frost giant zombie (Depths:1)
  17 deep elf magi
  3 orc sorcerers
  5 manticores
  6 cyclopes
  A cyclops (shapeshifter) (Vaults:3)
  14 elephants
  9 salamanders
  2 moths of wrath (shapeshifter)
  5 wolf spiders
  3 black mambas (shapeshifter)
  8 guardian serpents
  31 black mambas
  A frost giant skeleton (Depths:1)
  17 naga magi
  Maurice (D:8)
  27 moths of wrath
  2 apocalypse crabs (WizLab)
  Joseph (D:7)
  14 vault sentinels
  An eye of devastation (Vaults:3)
  A spiny frog (shapeshifter) (Depths:4)
  3 gargoyles
  25 spiny frogs
  A smoke demon (Zot:5)
  A spriggan zombie (Depths:1)
  A kobold demonologist (D:14)
  8 rime drakes
  57 yaktaurs
  13 komodo dragons
  4 hellwings
  9 freezing wraiths
  5 trolls
  6 polar bears
  A meliai (shapeshifter) (Vaults:4)
  A wind drake (shapeshifter) (D:15)
  5 tengu conjurers
  27 hornets
  A wind drake (WizLab)
  10 bog bodies
  4 tyrant leeches
  A polar bear (shapeshifter) (Depths:2)
  2 raiju (Zot:4)
  27 blink frogs
  A blink frog (shapeshifter) (Vaults:4)
  An ettin zombie (Depths:1)
  A hornet (shapeshifter) (D:14)
  38 slime creatures
  A harpy skeleton (D:13)
  12 hippogriffs
  A frost giant simulacrum (Depths:1)
  22 spriggans
  A spriggan skeleton (Depths:1)
  7 wraiths
  12 wyverns
  19 yaks
  2 vampires
  15 air elementals (WizLab)
  6 shadows
  5 water elementals
  A fire elemental (Lair:4)
  20 humans (D:13)
  7 basilisks
  2 hogs (Swamp:2)
  18 vampire mosquitoes
  3 hungry ghosts
  20 swamp worms
  21 insubstantial wisps
  11 wargs
  57 nagas
  A soldier ant (shapeshifter) (Vaults:3)
  8 water moccasins
  7 hell hounds
  2 ice beasts
  3 floating eyes
  3 black bears (Lair:6)
  9 porcupines
  An eye of draining (shapeshifter) (Vaults:3)
  70 orc warriors
  8 swamp drakes
  2 phantoms
  4 sky beasts
  4 necrophages
  An ogre (shapeshifter) (Depths:4)
  An ettin simulacrum (Vaults:2)
  36 ogres
  26 wolves
  16 boggarts
  4 centaurs
  4 crocodiles
  4 big kobolds
  18 bullfrogs
  A gnoll sergeant (D:8)
  2 wyvern zombies (D:14)
  A scorpion (D:9)
  Dowan (D:5)
  A wyvern skeleton (D:14)
  11 wights
  6 howler monkeys
  11 electric eels
  A crimson imp (D:11)
  A quasit (D:14)
  A lava snake (Lair:5)
  2 centaur zombies
  4 jellies (Lair:6)
  27 orc priests
  29 orc wizards
  7 hounds
  4 centaur skeletons
  Jessica (D:3)
  2 iguanas
  4 worker ants
  5 lightning spires (Zot:4)
  2 hound zombies
  A hound skeleton (D:8)
  2 worker ant zombies
  6 gnolls
  A howler monkey skeleton (D:10)
  8 adders
  5 oozes
  An adder skeleton (D:5)
  An adder zombie (D:6)
  3 worms
  5 dart slugs
  3 leopard geckos
  151 orcs
  3 giant cockroaches
  4 hobgoblins
  31 kobolds
  3 quokkas
  3 ball pythons
  11 bats
  5 frilled lizards
  9 goblins
  A leopard gecko zombie (D:7)
  A quokka skeleton (D:3)
  7 rats
  2 briar patches (Swamp:2)
  A crawling corpse (Depths:1)
  A diamond obelisk (Zot:4)
  A plant (Lair:1)
2254 creatures vanquished.

Vanquished Creatures (collateral kills)
  the Enchantress (Depths:4)
  A deep troll shaman (Depths:4)
  A deep troll (Depths:4)
  A polar bear (shapeshifter) (Depths:2)
4 creatures vanquished.

Vanquished Creatures (others)
  A draconian monk (Zot:4)
  A black draconian (Zot:4)
  A blizzard demon (WizLab)
  A yaktaur captain (Vaults:5)
  An ogre mage (Depths:2)
  2 spriggan air magi (WizLab)
  A shambling mangrove (Swamp:2)
  A hell hog (Depths:3)
  3 shock serpents (WizLab)
  An unseen horror (Vaults:1)
  3 apocalypse crabs (WizLab)
  A komodo dragon (Swamp:3)
  8 yaktaurs
  A hornet (Swamp:4)
  A wind drake (WizLab)
  A blink frog (Swamp:3)
  A raiju (Zot:4)
  An insubstantial wisp (Swamp:3)
  A slave (D:5)
  2 boggarts
  A bullfrog (D:15)
  A bullfrog skeleton (D:5)
  A shadow imp (D:10)
  An adder zombie (D:5)
  5 ball lightnings (Zot:4)
  2 orcs (D:10)
  5 briar patches
  9 fungi
  10 plants
68 creatures vanquished.

Grand Total: 2326 creatures vanquished

Notes
Turn   | Place    | Note
-------+----------+-------------------------------------------
     0 | D:1      | PotatoDream the Gargoyle Berserker began the quest for the
                  | Orb.
     0 | D:1      | Reached XP level 1. HP: 14/14 MP: 1/1
   352 | D:1      | Reached XP level 2. HP: 19/19 MP: 2/2
  1243 | D:2      | Reached XP level 3. HP: 19/23 MP: 3/3
  1589 | D:2      | Found a stormy altar of Qazlal.
  1589 | D:2      | Found a shimmering altar of Xom.
  1771 | D:3      | Reached skill level 5 in Maces & Flails
  1771 | D:3      | Reached XP level 4. HP: 28/28 MP: 4/4
  1782 | D:2      | Reached ** piety under Trog
  1797 | D:3      | Reached XP level 5. HP: 32/32 MP: 5/5
  1840 | D:3      | Noticed Jessica
  1846 | D:3      | Killed Jessica
  1932 | D:3      | Found a snail-covered altar of Cheibriados.
  2758 | D:4      | Reached XP level 6. HP: 31/37 MP: 6/6
  2803 | D:4      | Found a glowing drain.
  2812 | Sewer    | Entered a sewer
  2850 | Sewer    | Reached *** piety under Trog
  3134 | D:4      | Found an iron altar of Okawaru.
  3260 | D:4      | Found a staircase to the Ecumenical Temple.
  3312 | D:4      | Found a glowing silver altar of Zin.
  3522 | D:5      | Entered Level 5 of the Dungeon
  3533 | D:5      | Reached XP level 7. HP: 37/41 MP: 5/7
  3617 | D:5      | Noticed Pikel
  3637 | D:5      | Killed Pikel
  3637 | D:5      | Reached XP level 8. HP: 40/46 MP: 6/8
  4027 | D:5      | Noticed Dowan
  4044 | D:5      | Killed Dowan
  4054 | D:5      | Reached skill level 10 in Maces & Flails
  4334 | D:6      | Upgraded the game from 0.25-a0-614-g73ad250 to
                  | 0.25-a0-631-gc915619
  4394 | D:6      | Reached **** piety under Trog
  5120 | D:7      | Reached XP level 9. HP: 39/51 MP: 9/9
  5283 | D:7      | Noticed Joseph
  5301 | D:7      | Killed Joseph
  6179 | D:8      | Noticed Maurice
  6266 | D:8      | Killed Maurice
  6346 | D:8      | Reached XP level 10. HP: 52/56 MP: 10/10
  6459 | D:8      | Found a shimmering blue altar of Sif Muna.
  6510 | D:8      | Found a runed translucent gate.
  6510 | D:8      | Found a runed translucent gate.
  6510 | D:8      | Found an opulent altar of Gozag.
  6510 | D:8      | Noticed bazoo's ghost (novice TeMo)
  6511 | D:8      | Found a runed translucent gate.
  6511 | D:8      | Noticed a centaur warrior
  6613 | D:8      | Found Peryxt's Distillery.
  6621 | D:8      | Bought a potion of cancellation for 88 gold pieces
  6621 | D:8      | Bought a potion of haste for 110 gold pieces
  6621 | D:8      | Bought 2 potions of curing for 66 gold pieces
  7297 | D:10     | Entered Level 10 of the Dungeon
  7539 | D:10     | Reached ***** piety under Trog
  7539 | D:10     | Received a gift from Trog
  7979 | D:10     | Found a staircase to the Orcish Mines.
  8354 | D:10     | Reached skill level 15 in Maces & Flails
  8477 | D:11     | Got a warped whip
  8477 | D:11     | Identified the +8 whip of Nemelex Xobeh's Esteem {venom,
                  | rPois rF+ Stlth+} (You found it on level 11 of the Dungeon)
  8486 | D:11     | Noticed a cyclops
  8496 | D:11     | Killed a cyclops
  8496 | D:11     | Reached XP level 11. HP: 56/60 MP: 11/11
  8619 | D:11     | Noticed a two-headed ogre
  8629 | D:11     | Noticed a six-headed hydra
  8639 | D:11     | Killed a two-headed ogre
  8656 | D:11     | Killed a six-headed hydra
  8936 | D:11     | Found a staircase to the Lair.
  8995 | D:11     | Noticed a green ugly thing
  9011 | D:11     | Killed a green ugly thing
  9097 | D:11     | Got a pair of twisted gloves
  9107 | D:11     | Identified the +1 pair of gloves of Xuneips {Regen+} (You
                  | found it on level 11 of the Dungeon)
  9185 | Lair:1   | Entered Level 1 of the Lair of Beasts
  9222 | Lair:1   | Noticed a four-headed hydra
  9232 | Lair:1   | Killed a four-headed hydra
  9479 | Lair:1   | Received a gift from Trog
  9485 | Lair:1   | Noticed Fannar
  9510 | Lair:1   | Killed Fannar
  9589 | Lair:1   | Reached skill level 5 in Fighting
  9853 | Lair:1   | Noticed an oklob plant
  9853 | Lair:1   | Noticed an oklob plant
  9853 | Lair:1   | Noticed an oklob plant
  9909 | Lair:1   | Reached skill level 5 in Armour
  9909 | Lair:1   | Reached XP level 12. HP: 15/68 MP: 12/12
 10251 | Lair:1   | Got a brightly glowing granite ring
 10261 | Lair:1   | Identified the ring "Bankevu" {rC+ MR+ MP+9 Int+3} (You
                  | found it on level 1 of the Lair of Beasts)
 11260 | Lair:3   | Noticed an eight-headed hydra
 11280 | Lair:2   | Killed an eight-headed hydra
 11913 | Lair:3   | Noticed a four-headed hydra
 11921 | Lair:3   | Killed a four-headed hydra
 12037 | Lair:3   | Identified the ring "Newn" {Int+4 SInv} (You found it on
                  | level 3 of the Lair of Beasts)
 12054 | Lair:3   | Identified a scroll of acquirement
 12054 | Lair:3   | Identified the +2 morningstar of Uliramogh {vorpal, MR++
                  | Int-2 Dex+3} (You acquired it on level 3 of the Lair of
                  | Beasts)
 12110 | Lair:3   | Noticed a four-headed hydra
 12123 | Lair:3   | Killed a four-headed hydra
 12202 | Lair:3   | Noticed an eight-headed hydra
 12221 | Lair:3   | Killed an eight-headed hydra
 12461 | Lair:3   | Reached XP level 13. HP: 80/80 MP: 13/13
 12629 | Lair:3   | Found a staircase to the Snake Pit.
 12997 | Lair:4   | Reached skill level 5 in Dodging
 13102 | Lair:4   | Received a gift from Trog
 13230 | Lair:4   | Found a staircase to the Swamp.
 13494 | Lair:4   | Noticed an ice dragon
 13508 | Lair:4   | Killed an ice dragon
 13508 | Lair:4   | Reached skill level 10 in Fighting
 13561 | Lair:4   | Identified the +2 pair of boots of the Eight Mice {rC+
                  | Int+4} (You found it on level 4 of the Lair of Beasts)
 14057 | Lair:5   | Identified the cursed +0 pair of boots "Gieged" {Dex+4}
                  | (You found it on level 5 of the Lair of Beasts)
 14073 | Lair:5   | Noticed Snorg
 14078 | Lair:5   | Noticed Nessos
 14098 | Lair:5   | Killed Snorg
 14098 | Lair:5   | Reached skill level 10 in Armour
 14217 | Lair:5   | Reached skill level 5 in Shields
 14269 | Lair:5   | Killed Nessos
 14815 | Lair:5   | Reached skill level 10 in Shields
 15136 | Lair:6   | Entered Level 6 of the Lair of Beasts
 15305 | Lair:6   | Found a runed translucent door.
 15305 | Lair:6   | Found a viscous altar of Jiyva.
 15310 | Lair:6   | Found a staircase to the Slime Pits.
 15480 | Lair:6   | Gained mutation: Your large and strong wings let you fly
                  | indefinitely. [Gargoyle growth]
 15480 | Lair:6   | Reached XP level 14. HP: 88/88 MP: 14/14
 15626 | Lair:6   | Received a gift from Trog
 15840 | Lair:6   | Reached skill level 15 in Shields
 16743 | Lair:6   | Received a gift from Trog
 17669 | Orc:1    | Entered Level 1 of the Orcish Mines
 17734 | Orc:1    | Reached XP level 15. HP: 81/96 MP: 15/15
 17770 | Orc:1    | Found a runed translucent door.
 17771 | Orc:1    | Noticed Attaemp's ghost (journeyman GrFi)
 17804 | Orc:1    | Killed Attaemp's ghost
 17972 | Orc:1    | Received a gift from Trog
 18437 | Orc:2    | Entered Level 2 of the Orcish Mines
 18437 | Orc:2    | Found a staircase to the Elven Halls.
 18650 | Orc:2    | Received a gift from Trog
 18655 | Orc:2    | Found Ykousuts's Assorted Antiques.
 18655 | Orc:2    | Found Gusoj's Antique Armour Boutique.
 18677 | Orc:2    | Bought a scroll of identify for 64 gold pieces
 18677 | Orc:2    | Bought a potion of curing for 96 gold pieces
 18677 | Orc:2    | Bought a potion of heal wounds for 160 gold pieces
 18690 | Orc:2    | Bought a shiny plate armour for 676 gold pieces
 18690 | Orc:2    | Bought a glowing hat for 182 gold pieces
 18952 | Orc:2    | Found a roughly hewn altar of Beogh.
 18967 | Orc:2    | Found Kauxkue's Armour Shop.
 19078 | Orc:2    | Bought a +1 helmet of see invisible for 198 gold pieces
 19309 | Orc:2    | Found Vemirauf's Assorted Antiques.
 19309 | Orc:2    | Found Qiecw's Assorted Antiques.
 19323 | Orc:2    | Bought a potion of heal wounds for 155 gold pieces
 19332 | Orc:2    | Bought a large peridot ring for 140 gold pieces
 19537 | D:12     | Noticed Josephine
 19552 | D:12     | Killed Josephine
 19762 | D:12     | Identified the +7 shortbow of Rim Usasu {venom, *Contam
                  | rN+++ Int+2}
 19780 | D:12     | Received a gift from Trog
 20871 | D:13     | Received a gift from Trog
 21012 | D:13     | Found the ring of the Mage {Wiz MR++ Int+3}
 21127 | D:13     | Found a gate to the Vaults.
 21762 | D:14     | Reached XP level 16. HP: 92/105 MP: 16/16
 21866 | D:14     | Noticed Jorgrun
 21892 | D:14     | Killed Jorgrun
 21980 | D:14     | Received a gift from Trog
 22804 | D:15     | Entered Level 15 of the Dungeon
 23262 | D:15     | Found a staircase to the Depths.
 23407 | D:15     | Found a blossoming altar of Fedhas.
 23760 | D:15     | Received a gift from Trog
 23765 | D:15     | Got a crude morningstar {god gift}
 23765 | D:15     | Identified the +7 morningstar of the Bouncing Demons
                  | {vorpal, *Contam rC+ Str+6} (Trog gifted it to you on level
                  | 15 of the Dungeon)
 24066 | Snake:1  | Entered Level 1 of the Snake Pit
 24066 | Snake:1  | Found a hide-covered altar of Uskayaw.
 24451 | Snake:1  | Reached skill level 15 in Fighting
 24766 | Snake:1  | Reached skill level 15 in Armour
 25103 | Snake:2  | Noticed a nagaraja
 25126 | Snake:2  | Killed a nagaraja
 25126 | Snake:2  | Reached XP level 17. HP: 91/113 MP: 5/17
 25265 | Snake:2  | Received a gift from Trog
 25641 | Snake:2  | Noticed Louise
 25653 | Snake:2  | Killed Louise
 25790 | Snake:2  | Found an ancient bone altar of Kikubaaqudgha.
 26952 | Snake:4  | Entered Level 4 of the Snake Pit
 26966 | Snake:4  | Received a gift from Trog
 27016 | Snake:4  | Noticed Vashnia
 27399 | Snake:4  | Killed Vashnia
 27657 | Snake:4  | Reached XP level 18. HP: 113/122 MP: 6/18
 27841 | Snake:4  | Received a gift from Trog
 27845 | Snake:4  | Reached skill level 10 in Dodging
 28154 | Snake:4  | Received a gift from Trog
 28157 | Snake:4  | Reached ****** piety under Trog
 28484 | Snake:4  | Got a serpentine rune of Zot
 28706 | Swamp:1  | Entered Level 1 of the Swamp
 28734 | Lair:4   | Received a gift from Trog
 28738 | Lair:4   | Got a dazzling demon whip {god gift}
 28738 | Lair:4   | Identified the +10 demon whip of Massacring {flame, rC+ MR+
                  | Str-4} (Trog gifted it to you on level 4 of the Lair of
                  | Beasts)
 29439 | Swamp:2  | Noticed Kirke
 29459 | Swamp:2  | Killed Kirke
 29547 | Swamp:2  | Reached XP level 19. HP: 115/131 MP: 19/19
 29644 | Swamp:2  | Received a gift from Trog
 29769 | Swamp:2  | Identified the +4 morningstar of Bodily Harmony {vorpal,
                  | rElec Int+7} (Trog gifted it to you on level 2 of the
                  | Swamp)
 30925 | Swamp:4  | Entered Level 4 of the Swamp
 31072 | Swamp:4  | Received a gift from Trog
 31654 | Swamp:4  | Got a decaying rune of Zot
 31904 | Vaults:1 | Entered Level 1 of the Vaults
 31904 | Vaults:1 | Found an ancient bone altar of Kikubaaqudgha.
 32349 | Vaults:1 | Received a gift from Trog
 33110 | Vaults:1 | Noticed Donald
 33124 | Vaults:1 | Reached XP level 20. HP: 139/139 MP: 20/20
 33131 | Vaults:1 | Killed Donald
 33221 | Vaults:1 | Found a roughly hewn altar of Beogh.
 33233 | Vaults:1 | Received a gift from Trog
 33466 | Vaults:1 | Identified the +7 quarterstaff of Wulukhlia {speed, Dex+2}
 33758 | Vaults:2 | Noticed Aizul
 33779 | Vaults:2 | Killed Aizul
 34070 | Vaults:2 | Found a staircase to the Crypt.
 34089 | Vaults:2 | Received a gift from Trog
 34784 | Vaults:2 | Reached skill level 1 in Evocations
 34803 | Vaults:2 | Received a gift from Trog
 35233 | Vaults:3 | Noticed Mara
 35253 | Vaults:3 | Killed Mara
 35515 | Vaults:3 | Reached XP level 21. HP: 133/147 MP: 23/23
 35576 | Vaults:3 | Received a gift from Trog
 36356 | Vaults:3 | Noticed a golden dragon
 36402 | Vaults:3 | Killed a golden dragon
 36859 | Vaults:3 | Identified the +8 shortbow "Geiteir" {venom, rElec MR-
                  | Int+6}
 37035 | Vaults:4 | Noticed an ancient lich
 37045 | Vaults:4 | Received a gift from Trog
 37185 | Vaults:4 | Reached skill level 5 in Evocations
 37561 | Vaults:4 | Received a gift from Trog
 37773 | Vaults:4 | Reached XP level 22. HP: 155/155 MP: 26/26
 38637 | Depths:1 | Entered Level 1 of the Depths
 38710 | Depths:1 | Found Cos Juebb's Assorted Antiques.
 38731 | Depths:1 | Found Ocvubre's Book Shoppe.
 38853 | Depths:1 | Found a magical portal.
 38966 | WizLab   | Received a gift from Trog
 39685 | WizLab   | Got a faintly glowing golden ring
 39686 | WizLab   | Identified the ring of Patience {rElec EV+3 Dex+3 SInv}
                  | (You found it in a wizard's laboratory)
 39783 | Depths:1 | You are sucked into a shaft and drop 1 floor!
 40402 | Depths:2 | Found a hazy altar of Hepliaklqana.
 40402 | Depths:2 | Found a hide-covered altar of Uskayaw.
 40404 | Depths:2 | Found a shattered altar of Ashenzari.
 40471 | Depths:2 | Received a gift from Trog
 40878 | Depths:2 | Reached XP level 23. HP: 157/163 MP: 28/28
 40932 | Depths:2 | Noticed a golden dragon
 40941 | Depths:2 | Killed a golden dragon
 41039 | Depths:2 | Found a gateway to Hell.
 41309 | Depths:2 | Noticed a golden dragon
 41319 | Depths:2 | Killed a golden dragon
 41562 | Depths:1 | Found Xisiv's Armour Boutique.
 41603 | Depths:1 | Received a gift from Trog
 41890 | Depths:1 | Bought a wand of disintegration (18) for 200 gold pieces
 41890 | Depths:1 | Bought a scroll of teleportation for 150 gold pieces
 42015 | Depths:1 | Found Giuryu's Antique Armour Shoppe.
 42019 | Depths:1 | Bought an embroidered cloak for 225 gold pieces
 42019 | Depths:1 | Bought an embroidered hat for 210 gold pieces
 42033 | Depths:1 | Bought a jewelled plate armour for 840 gold pieces
 42033 | Depths:1 | Identified the +6 plate armour of the Skies Above {Int+4
                  | Dex+5} (You bought it in a shop on level 1 of the Depths)
 42091 | Depths:1 | Noticed an ancient lich
 42137 | Depths:1 | Killed an ancient lich
 42290 | Depths:1 | Received a gift from Trog
 43043 | Depths:3 | Found a one-way gate to the infinite horrors of the Abyss.
 43360 | Orc:2    | Bought a scroll of enchant armour for 232 gold pieces
 43360 | Orc:2    | Bought a scroll of enchant armour for 232 gold pieces
 43860 | Depths:3 | Found a gateway to a ziggurat.
 43995 | Depths:3 | Found a one-way gate leading to the halls of Pandemonium.
 44432 | Depths:3 | Received a gift from Trog
 44444 | Depths:3 | Reached XP level 24. HP: 135/171 MP: 9/29
 44614 | Depths:4 | Paralysed by a floating eye for 2 turns
 44625 | Depths:4 | Paralysed by a floating eye for 4 turns
 44637 | Depths:4 | Paralysed by a floating eye for 2 turns
 44824 | Depths:4 | Received a gift from Trog
 44914 | Depths:4 | Found a transporter.
 44915 | Depths:4 | Found a transporter.
 44917 | Depths:4 | Found a corrupted altar of Lugonu.
 44983 | Depths:4 | Noticed the Enchantress
 45036 | Depths:4 | Killed the Enchantress
 45404 | Depths:4 | Found Heass's Antique Weapon Shop.
 45787 | Depths:5 | Entered Level 5 of the Depths
 46023 | Depths:5 | Received a gift from Trog
 46757 | Depths:5 | Reached skill level 10 in Evocations
 46840 | Depths:5 | Received a gift from Trog
 46881 | Depths:5 | Reached XP level 25. HP: 173/179 MP: 17/30
 47035 | Depths:5 | Found a gate to the Realm of Zot.
 47726 | Vaults:5 | Entered Level 5 of the Vaults
 48097 | Vaults:4 | Received a gift from Trog
 48473 | Vaults:5 | Reached skill level 15 in Dodging
 48608 | Vaults:5 | Received a gift from Trog
 48758 | Vaults:5 | Got a coiled turquoise ring
 48759 | Vaults:5 | Identified the ring of the Louse {Str+3 Int+7 Dex+2} (You
                  | found it on level 5 of the Vaults)
 48871 | Vaults:5 | Got a smoking jade ring
 48872 | Vaults:5 | Identified the ring "Faniz" {+Fly rC+} (You found it on
                  | level 5 of the Vaults)
 48906 | Vaults:5 | Identified the +8 executioner's axe "Kucsiov" {vorpal,
                  | rN++}
 49218 | Vaults:5 | Got a silver rune of Zot
 49513 | Vaults:5 | Reached XP level 26. HP: 175/188 MP: 10/30
 50113 | Zot:1    | Entered Level 1 of the Realm of Zot
 50121 | Zot:1    | Received a gift from Trog
 52913 | Zot:3    | Received a gift from Trog
 53462 | Zot:4    | Reached XP level 27. HP: 174/196 MP: 30/30
 54565 | Zot:4    | Received a gift from Trog
 56889 | Zot:5    | Entered Level 5 of the Realm of Zot
 57401 | Zot:5    | Reached skill level 27 in Fighting
 57424 | Zot:5    | Noticed an ancient lich
 57461 | Zot:5    | Reached skill level 27 in Armour
 57614 | Zot:5    | Killed an ancient lich
 57693 | Zot:5    | Noticed an orb of fire
 57701 | Zot:5    | Gained mutation: Your body sometimes deteriorates upon
                  | taking damage. [an orb of fire]
 57703 | Zot:5    | Noticed an ancient lich
 57712 | Zot:5    | Gained mutation: You do not regenerate when monsters are
                  | visible. [an orb of fire]
 57714 | Zot:5    | Killed an orb of fire
 57718 | Zot:5    | Noticed an orb of fire
 57754 | Zot:5    | Gained mutation: Your body often deteriorates upon taking
                  | damage. [an orb of fire]
 57758 | Zot:5    | Killed an orb of fire
 57818 | Zot:4    | Killed an ancient lich
 58075 | Zot:5    | Noticed an orb of fire
 58080 | Zot:5    | Gained mutation: You are clumsy. (Dex -2) [an orb of fire]
 58084 | Zot:5    | Noticed an ancient lich
 58086 | Zot:5    | Killed an orb of fire
 58086 | Zot:5    | Received a gift from Trog
 58098 | Zot:5    | Killed an ancient lich
 58214 | Zot:5    | Noticed an ancient lich
 58456 | Zot:5    | Killed an ancient lich
 58487 | Zot:5    | Noticed an ancient lich
 58499 | Zot:5    | Noticed an ancient lich
 58518 | Zot:5    | Killed an ancient lich
 58534 | Zot:5    | Killed an ancient lich
 58969 | Zot:5    | Noticed an ancient lich
 58970 | Zot:5    | Noticed an orb of fire
 58999 | Zot:5    | Killed an ancient lich
 59017 | Zot:5    | Lost mutation: Your body often deteriorates upon taking
                  | damage. [potion of mutation]
 59017 | Zot:5    | Lost mutation: Your body sometimes deteriorates upon taking
                  | damage. [potion of mutation]
 59017 | Zot:5    | Gained mutation: Your muscles are strong. (Str +2) [potion
                  | of mutation]
 59017 | Zot:5    | Gained mutation: Your spells are a little easier to cast,
                  | but a little less powerful. [potion of mutation]
 59017 | Zot:5    | Lost mutation: You are clumsy. (Dex -2) [potion of
                  | mutation]
 59065 | Zot:5    | Killed an orb of fire
 59164 | Zot:5    | Noticed an orb of fire
 59168 | Zot:5    | Gained mutation: You are occasionally teleported next to
                  | monsters. [an orb of fire]
 59174 | Zot:5    | Noticed an ancient lich
 59184 | Zot:5    | Noticed an ancient lich
 59190 | Zot:5    | Killed an orb of fire
 59200 | Zot:5    | Killed an ancient lich
 59208 | Zot:5    | Killed an ancient lich
 59305 | Zot:5    | Got the Orb of Zot
 59588 | Depths:2 | Noticed Qasye the pandemonium lord
 59610 | Depths:2 | Noticed an ancient lich
 59644 | Depths:2 | Noticed Pewuikei the pandemonium lord
 59753 | D:12     | Noticed Baban the pandemonium lord
 59783 | D:12     | Noticed Cinaivarch the pandemonium lord
 60024 | D:$      | Escaped with the Orb!

Levels and vault maps discovered:
D:1:      lightli_arrival_boilingwater, layout_basic
D:2:      layout_basic, gammafunk_temple_overflow_elements
D:3:      minmay_octagon_keep, layout_basic, cheibriados_altar_1, uniq_jessica
D:4:      layout_cave_pools, okawaru_metal_pillars_3, kennysheep_mini,
          minmay_temple_entry_statues_pillars, portal_sewer_entry_d,
          first_ration, minmay_tree_intersection
D:5:      layout_loops_ring, serial_bayou_pond_e, uniq_pikel, uniq_duvessa
D:6:      layout_rooms
D:7:      layout_basic, uniq_joseph
D:8:      layout_basic, led_sif_pool, ebering_ghost_gozag, serial_shops, shop,
          uniq_maurice
D:9:      layout_loops_ring
D:10:     layout_basic, hiddenorc1_lemuel
D:11:     layout_rooms, erik_lair_orcish_takeover
D:12:     layout_stronghold, grunt_ogre_cave, uniq_josephine
D:13:     layout_irregular_city, grunt_vaults_entry_tiered
D:14:     layout_stronghold, moated_statue, uniq_jorgrun
D:15:     hangedman_depths_entry_try_elsewhere_first, layout_stronghold,
          fedhas_altar_2
Lair:1:   layout_regular_city, minmay_lair_oklob_chamber, uniq_fannar
Lair:2:   layout_gridlike
Lair:3:   layout_cave_pods, minmay_snake_entry_spellcaster
Lair:4:   dragon1_lemuel, layout_gridlike, minmay_swamp_entry_swarm
Lair:5:   layout_gridlike, beast_lair_carwin_7, lemuel_fruit_tree, uniq_nessos,
          uniq_snorg
Lair:6:   minmay_lair_end_enchanted_forest, layout_cave_pods, slime_altar_2,
          special_room [special_room_mythical_zoo]
Swamp:1:  layout_basic_swamp, nicolae_swamp_treefoil, swamp_pool2
Swamp:2:  layout_falls_marsh, evilmike_swamp_ruin_wall, uniq_kirke
Swamp:3:  layout_basic_swamp, nicolae_swamp_round_clearing
Swamp:4:  swamp_alternative, layout_basic_swamp
Snake:1:  layout_onion, basic_altar
Snake:2:  layout_concentric_octagons, basic_altar, st_stairs_6,
          guppyfry_snake_island, uniq_louise
Snake:3:  layout_grid_maze, st_stairs_14, grunt_ministairs_14
Snake:4:  johnstein_snake_rune_scales, layout_rooms, drop_trap, uniq_vashnia
Orc:1:    layout_caves, gammafunk_ghost_grave, nooodl_orcs_dogs
Orc:2:    st_orc_town, layout_caves, serial_shops, shop
Vaults:1: ontoclasm_vaults_misaligned, special_room_vaults [special_room_orc],
          nicolae_vaults_little_ls, layout_vaults_omnigrid, basic_altar,
          uniq_donald
Vaults:2: ontoclasm_vaults_shuriken, nicolae_vaults_network_square,
          minmay_crypt_entry_simple_statues, v_alt_pattern_6,
          hangedman_vaults_nails, grunt_vaults_swirl, vaults_room_boxed,
          v_misc_13, vaults_mumra_minichess_inversion, ontoclasm_vaults_idyll,
          v_misc_8, layout_vaults_ring, uniq_aizul
Vaults:3: st_greater_box_2, nicolae_vaults_alarming, nicolae_vaults_big_ls,
          nicolae_vaults_puzzle_piece, dpeg_vaults_monster_row, v_misc_18,
          ontoclasm_vaults_spin, grunt_vaults_focal, vaults_room_hallway,
          v_misc_16, ontoclasm_vaults_gateway, layout_vaults_omnibox, uniq_mara
Vaults:4: hangedman_vaults_restitches, hangedman_vaults_unwind,
          nicolae_vaults_little_squares_1, v_alt_pattern_4, st_lines,
          vaults_dpeg_spiral, nicolae_vaults_what_the_h,
          ontoclasm_vaults_decontamination, v_pattern_2,
          nicolae_vaults_little_squares_4, nicolae_vaults_specimen_jars,
          nicolae_vaults_yaktaur_gun_rack, hangedman_vaults_slice,
          vaults_room_stairs_pillars, layout_vaults_omnicross
Vaults:5: serial_shops
Depths:1: minmay_ornate_pinched, layout_basic, pf_coc_iceberg, serial_shops,
          shop_fountains, nicolae_shop_trees, nicolae_shop_overgrown_old_shop,
          shop, mu_enter_wizlab_2, serial_sigils_hangedman_scratch, special_room
          [special_room_morgue], minivault_12
Depths:2: hangedman_slaughterboxes, hell_entry
Depths:3: minmay_shrinking_squares, layout_gridville, enter_ziggurat_f,
          serial_bayou_pond_e, grunt_hell_horde, pan_entry, abyss_entry,
          kennysheep_random_hallway
Depths:4: gammafunk_corrupted_shrine, layout_gridlike, abyss_entry_crystal,
          serial_sigils, serial_sigils_hangedman_etch,
          serial_sigils_hangedman_snap, serial_sigils_hangedman_gnaw,
          serial_sigils_hangedman_scar, serial_sigils_hangedman_shear,
          serial_shops, shop, hell_entry, corexii_leaking_fountain,
          uniq_enchantress
Depths:5: grunt_zot_entry_gee_three, layout_twisted_cross,
          rand_demon_pan_entry_5, hell_entry, minmay_misc_feat_tiny
Zot:1:    layout_onion
Zot:2:    layout_twisted_circle
Zot:3:    layout_gridlike, grunt_megastairs_2
Zot:4:    infiniplex_zot_generator, layout_gridlike
Zot:5:    layout_cathedral_of_symmetry, st_stairs_11

Skill      XL: |  1  2  3  4  5  6  7  8  9 10 11 12 13 14 15 16 17 18 19 20 21 22 23 24 25 26 27 |
---------------+----------------------------------------------------------------------------------+-----
Maces & Flails | 4 5 6 7 9 11 13 15 16 | 16.4
Shields        | 4 12 15 | 15.1
Armour         | 5 8 10 11 13 15 16 18 19 20 21 22 23 24 25 26 27 | 27.0
Fighting       | 5 9 10 11 13 15 16 18 19 20 21 22 23 24 25 26 27 | 27.0
Dodging        | 2 4 5 6 7 8 9 10 11 12 13 14 15 20 | 20.4
Evocations     | 2 5 7 8 10 | 10.0

Action                   |  1- 3 |  4- 6 |  7- 9 | 10-12 | 13-15 | 16-18 | 19-21 | 22-24 | 25-27 || total
-------------------------+-------+-------+-------+-------+-------+-------+-------+-------+-------++-------
Melee: Mace              |    18 |       |    53 |   152 |       |       |       |       |       ||   223
       Dagger            |    60 |   199 |   121 |       |       |       |       |       |       ||   380
       Flail             |       |       |   245 |   154 |       |       |       |       |       ||   399
       Whip              |       |       |       |    60 |       |       |       |       |       ||    60
       Morningstar       |       |       |       |   447 |  2127 |    41 |       |       |       ||  2615
       Eveningstar       |       |       |       |       |       |  1431 |    45 |   871 |  1862 ||  4209
       Demon whip        |       |       |       |       |       |   194 |  1929 |  1357 |   943 ||  4423
Throw: Dart              |       |       |       |    50 |     5 |       |       |       |       ||    55
       Javelin           |       |       |       |    14 |    13 |       |       |       |       ||    27
Invok: Berserk           |     1 |       |     1 |     4 |     3 |       |       |       |     2 ||    11
       Trog's Hand       |       |       |     4 |       |     4 |     1 |       |     9 |    38 ||    56
       Brothers in Arms  |       |       |       |       |     1 |       |       |     3 |       ||     4
 Abil: Fly               |       |       |       |       |       |     1 |       |     3 |     2 ||     6
       Stop Flying       |       |       |       |       |       |       |       |     3 |     2 ||     5
Evoke: Wand              |       |       |     5 |     2 |     2 |       |     8 |     5 |     7 ||    29
       Lightning rod     |       |       |       |       |       |       |       |    16 |     4 ||    20
  Use: Scroll            |       |    14 |     3 |     8 |    12 |     7 |     4 |    25 |    21 ||    94
       Potion            |       |     1 |     3 |     1 |     1 |       |       |     4 |    14 ||    24
 Stab: Confused          |       |       |       |       |       |       |     4 |       |     2 ||     6
       Distracted        |       |       |       |       |       |       |       |     1 |       ||     1
       Paralysed         |       |       |       |       |       |       |       |     1 |       ||     1
  Eat: Ration            |     1 |     1 |     1 |     2 |     4 |     3 |     2 |     4 |    12 ||    30
       Chunk             |       |     5 |     6 |    19 |    24 |    18 |    21 |    22 |    21 ||   136
Armor: Animal skin       |     4 |       |       |       |       |       |       |       |       ||     4
       Chain mail        |    31 |   167 |   245 |   381 |   757 |       |       |       |       ||  1581
       Plate armour      |       |       |       |       |   308 |   642 |   671 |   301 |       ||  1922
       Gold dragon scale |       |       |       |       |       |       |       |   704 |  1277 ||  1981
Dodge: Dodged            |    44 |   101 |   168 |   284 |   870 |   525 |   557 |   634 |   672 ||  3855
Block: Buckler           |       |       |       |    61 |   207 |       |       |       |       ||   268
       Kite shield       |       |       |       |       |  1004 |  1112 |  1031 |  1450 |  1859 ||  6456
       Reflection        |       |       |       |       |       |       |    57 |    44 |    32 ||   133

Table legend:
 A = Non-vault XP
 B = Vault XP
 C = Vault XP percentage of total XP
 D = Non-vault monster count
 E = Vault monster count
 F = Vault count percentage of total count
                 A         B        C        D         E       F
            +---------+---------+-------+---------+---------+-------
      Total |  740349 |  845943 |  53.3 |    1335 |     925 |  40.9
            +---------+---------+-------+---------+---------+-------
        D:1 |      16 |       0 |   0.0 |      10 |       0 |   0.0
        D:2 |      65 |       0 |   0.0 |      21 |       0 |   0.0
        D:3 |     166 |      68 |  29.1 |      21 |       9 |  30.0
        D:4 |      93 |      13 |  12.3 |       5 |       1 |  16.7
        D:5 |     328 |     686 |  67.7 |      11 |       2 |  15.4
        D:6 |     554 |       0 |   0.0 |      18 |       0 |   0.0
        D:7 |     805 |     455 |  36.1 |      19 |       1 |   5.0
        D:8 |    1188 |     469 |  28.3 |      23 |       1 |   4.2
        D:9 |     947 |       0 |   0.0 |      16 |       0 |   0.0
       D:10 |    2073 |     178 |   7.9 |      22 |      15 |  40.5
       D:11 |    4414 |     599 |  11.9 |      14 |       8 |  36.4
       D:12 |    5584 |    2239 |  28.6 |      56 |       7 |  11.1
       D:13 |    8089 |    6812 |  45.7 |      19 |      25 |  56.8
       D:14 |    9457 |    2895 |  23.4 |      48 |       1 |   2.0
       D:15 |   17391 |    2485 |  12.5 |      34 |       4 |  10.5
     Lair:1 |    3208 |    1922 |  37.5 |      10 |       5 |  33.3
     Lair:2 |    4669 |       0 |   0.0 |      16 |       0 |   0.0
     Lair:3 |    9440 |     478 |   4.8 |      33 |       1 |   2.9
     Lair:4 |    3857 |    2251 |  36.9 |      17 |       8 |  32.0
     Lair:5 |    9567 |    6984 |  42.2 |      19 |      13 |  40.6
     Lair:6 |   13684 |   16817 |  55.1 |      40 |      74 |  64.9
    Swamp:1 |   15552 |       0 |   0.0 |      35 |       0 |   0.0
    Swamp:2 |   10321 |    2464 |  19.3 |      31 |       3 |   8.8
    Swamp:3 |   13090 |       0 |   0.0 |      30 |       0 |   0.0
    Swamp:4 |    9276 |   15613 |  62.7 |      31 |      22 |  41.5
    Snake:1 |   23177 |       0 |   0.0 |      40 |       0 |   0.0
    Snake:2 |   18704 |    5145 |  21.6 |      34 |       5 |  12.8
    Snake:3 |   14791 |    5237 |  26.1 |      29 |       8 |  21.6
    Snake:4 |   20934 |   51481 |  71.1 |      39 |      69 |  63.9
      Orc:1 |    5012 |    2503 |  33.3 |      53 |      14 |  20.9
      Orc:2 |    2903 |    6625 |  69.5 |      30 |      54 |  64.3
   Vaults:1 |   37734 |    5291 |  12.3 |      78 |      27 |  25.7
   Vaults:2 |   29311 |   29345 |  50.0 |      45 |      49 |  52.1
   Vaults:3 |   18783 |   70555 |  79.0 |      23 |      67 |  74.4
   Vaults:4 |   38713 |   62805 |  61.9 |      59 |      69 |  53.9
   Vaults:5 |   16836 |   84679 |  83.4 |      18 |      55 |  75.3
   Depths:1 |   31160 |   45550 |  59.4 |      37 |      37 |  50.0
   Depths:2 |       0 |   94216 | 100.0 |       0 |      80 | 100.0
   Depths:3 |   13943 |   20441 |  59.4 |      20 |      22 |  52.4
   Depths:4 |   43911 |    8853 |  16.8 |      48 |       7 |  12.7
   Depths:5 |   48812 |   28422 |  36.8 |      48 |      21 |  30.4
      Zot:1 |   23249 |       0 |   0.0 |      14 |       0 |   0.0
      Zot:2 |   66165 |       0 |   0.0 |      38 |       0 |   0.0
      Zot:3 |   24762 |    7957 |  24.3 |      11 |       6 |  35.3
      Zot:4 |   66308 |   49820 |  42.9 |      39 |      36 |  48.0
      Zot:5 |   51307 |  185895 |  78.4 |      33 |      42 |  56.0
      Sewer |       0 |     145 | 100.0 |       0 |      24 | 100.0
     WizLab |       0 |   17550 | 100.0 |       0 |      33 | 100.0
            +---------+---------+-------+---------+---------+-------
